 Dungeon Crawl Stone Soup version 0.21.1-1-g345015f (webtiles) character file.

100 kae the Bolt Thrower (level 5, -4/32 HPs)
             Began as a Kobold Hunter on May 25, 2018.
             Killed by divine providence
             ... invoked by an orc priest
              (12 damage)
             ... on level 3 of the Dungeon.
             The game lasted 00:02:09 (2470 turns).

kae the Bolt Thrower (Kobold Hunter)                Turns: 2470, Time: 00:02:10

Health: -4/32      AC:  5    Str:  8 (9)  XL:     5   Next: 3%
Magic:  5/5        EV: 20    Int: 13      God:
Gold:   129        SH:  0    Dex: 18 (21) Spells: 4/4 levels left

rFire    . . .     SeeInvis .   b - +0 short sword
rCold    . . .     Gourm    .   (shield restricted)
rNeg     . . .     Faith    .   c - +0 leather armour
rPois    .         Spirit   .   (no helmet)
rElec    .         Reflect  .   (no cloak)
rCorr    .         Harm     .   (no gloves)
MR       .....                  m - +1 pair of boots
Stlth    +++.......             (no amulet)
HPRegen  0.10/turn              (no ring)
MPRegen  0.09/turn              (no ring)

@: agile
A: small, carnivore
a: no special abilities


You were on level 3 of the Dungeon.
You were very full.

You visited 1 branch of the dungeon, and saw 3 of its levels.

You collected 129 gold pieces.

Inventory:

Hand Weapons
 a - a +1 hand crossbow
 b - a +0 short sword (weapon)
Missiles
 d - 20 bolts
Armour
 c - a +0 leather armour (worn)
 m - a +1 pair of boots (worn)
Scrolls
 e - 2 scrolls of remove curse {unknown}
 g - a scroll of enchant weapon {unknown}
 i - 2 scrolls of immolation {unknown}
 j - a scroll of identify {unknown}
 k - 2 scrolls of amnesia {unknown}
Comestibles
 f - 3 rations
 p - 3 chunks of flesh


   Skills:
 + Level 3.1 Fighting
 + Level 1.7 Short Blades
 * Level 5.8 Crossbows
 + Level 3.3 Dodging
 - Level 2.1 Stealth


You had 4 spell levels left.
You didn't know any spells.

Dungeon Overview and Level Annotations

Branches:
Dungeon (3/15)

Altars:


Innate Abilities, Weirdness & Mutations

You are small and have problems with some larger weapons.
You are carnivorous and can eat meat at any time.


Message History

You kill the gnoll!
You have reached level 5!
You feel clever. The orc hits you with a hand axe.
* * * LOW HITPOINT WARNING * * *
It was a potion of curing.
You feel better.
You hit the orc but do no damage. The orc closely misses you.
You closely miss the orc. The orc hits you but does no damage.
You barely miss the orc. The orc completely misses you.
You hit the orc.
The orc is lightly wounded.
The orc priest calls upon Beogh to heal the orc.
The orc's wounds heal themselves!
The orc hits you with a hand axe.
You barely miss the orc. The orc hits you with a hand axe.
* * * LOW HITPOINT WARNING * * *
You hit the orc but do no damage. The orc misses you.
You closely miss the orc.
The orc priest calls down the wrath of Beogh upon you.
Beogh smites you!
You die...

.....o####...#.#######.#...#.
......g.).o..................
......####...#.#.#####.......
..... #..##.#.# #........#
.... #g##..#.# #.###.##.# o..
#.##.##.# #.# #....# #+
#.##.##.# #.# #....#
#)##.##.# #.# #....#
#oo@....# #.####.#.#
####.#### #........# #.#
######.### #.# #.# # #.#
#.### #.# #.... ..# ##### ###


You could see an orc priest and an orc.

Vanquished Creatures
  3 gnolls (D:3)
  An adder (D:2)
  An ooze (D:3)
  A worm (D:2)
  A dart slug (D:1)
  A leopard gecko (D:2)
  2 orcs (D:3)
  A giant cockroach (D:3)
  2 hobgoblins (D:3)
  4 jackals (D:2)
  3 quokkas (D:2)
  4 bats
  A frilled lizard (D:1)
  9 goblins
  7 kobolds
  5 rats
46 creatures vanquished.

Notes
Turn   | Place    | Note
-------+----------+-------------------------------------------
     0 | D:1      | kae the Kobold Hunter began the quest for the Orb.
     0 | D:1      | Reached XP level 1. HP: 12/12 MP: 1/1
   263 | D:1      | Reached XP level 2. HP: 11/18 MP: 2/2
   586 | D:1      | Reached skill level 5 in Crossbows
   976 | D:2      | Reached XP level 3. HP: 11/22 MP: 3/3
  1400 | D:2      | Reached skill level 1 in Short Blades
  1729 | D:2      | Reached XP level 4. HP: 19/27 MP: 4/4
  2462 | D:3      | Reached XP level 5. HP: 12/32 MP: 5/5
  2470 | D:3      | Killed from afar by an orc priest

Skill      XL: |  1  2  3  4 |
---------------+-------------+-----
Crossbows      | 5 |  5.8
Stealth        | 2 |  2.1
Short Blades   | 1 |  1.7
Dodging        | 3 |  3.3
Fighting       | 3 |  3.1

Action                   |  1- 3 |  4- 6 || total
-------------------------+-------+-------++-------
Melee: Short sword       |   137 |    77 ||   214
 Fire: Hand crossbow     |     4 |       ||     4
  Use: Potion            |       |     4 ||     4
 Stab: Sleeping          |     3 |     2 ||     5
       Invisible         |       |     6 ||     6
  Eat: Chunk             |    10 |     3 ||    13
Armor: Leather armour    |    39 |    11 ||    50
Dodge: Dodged            |   108 |    58 ||   166
